 Dungeon Crawl Stone Soup version 0.16-a0-3855-gd2600ac (console) character file.

956119 nht the Minotaur Arbalest (level 27, -9/273 HPs)
             Began as a Minotaur Hunter on Jan 31, 2015.
             Was the Champion of Zin.
             Mangled by Geryon (22 damage)
             ... in the Vestibule of Hell.
             The game lasted 03:14:03 (88051 turns).

nht the Minotaur Arbalest (Minotaur Hunter)        Turns: 88051, Time: 03:14:04

Health: -9/273     AC: 45    Str: 33      XL:     27
Magic:  33/33      EV: 32    Int: 11 (14) God:    Zin [******]
Gold:   938        SH:  0    Dex: 19 (23) Spells: 0 memorised, 26 levels left

rFire  + + .     SeeInvis +     a - +9 executioner's axe (freeze)
rCold  + + .     Clarity  .     z - +10 pearl dragon armour
rNeg   + + .     SustAb   .     (no shield)
rPois  +         Gourm    .     Q - +2 hat of Two Fra {+Fly rF+ Int+2 SInv}
rElec  .         Spirit   .     S - +1 cloak of Elach {MR++ Int+4}
rCorr  .         Warding  .     W - +2 pair of gloves {archery}
rMut   .         Stasis   .     V - +0 pair of boots of Puklerr Eming {rPois+ rC++}
MR     ++++.                    J - amulet of regeneration
Stlth  ..........               Z - ring "Ecajalo" {AC+2 Str+4 Dex+2}
                                R - ring of Phimpimadi {+Blink rF+ rN+ Str+4}

@: mighty, incredibly resistant to hostile enchantments, extremely unstealthy
A: retaliatory headbutt, horns 2
a: Recite, Vitalisation, Imprison, Sanctuary, Renounce Religion, Evoke Blink,
Evoke Flight
}: 9/15 runes: barnacled, slimy, silver, demonic, glowing, magical, fiery, dark,
gossamer


You were in the Vestibule of Hell.
You worshipped Zin.
Zin was exalted by your worship.
You were not hungry.

You visited 12 branches of the dungeon, and saw 61 of its levels.
You visited Pandemonium 1 time, and saw 37 of its levels.
You visited 2 bazaars.
You also visited: Labyrinth, Trove, Bailey and Ice Cave.

You collected 10137 gold pieces.
You spent 3509 gold pieces at shops.
You donated 5690 gold pieces to Zin.

Inventory:

Hand weapons
 a - a +9 executioner's axe of freezing (weapon)
 b - a +9 triple crossbow of velocity
Missiles
 e - 108 exploding bolts
 h - 105 silver bolts
 o - 307 bolts
 q - 25 steel bolts
 s - 215 bolts of flame
 t - 175 bolts of frost
 E - 87 poisoned bolts
 G - 140 bolts of penetration
Armour
 w - a +2 pair of boots of running
 z - a +10 pearl dragon armour (worn)
 D - the +0 cloak of Divine Compulsion {rN+ Int+4}
   (You found it on level 6 of the Pits of Slime)

   It affects your intelligence (+4).
   It protects you from negative energy.
 Q - the +2 hat of Two Fra (worn) {+Fly rF+ Int+2 SInv}
   (You bought it in a shop in a bazaar)

   It affects your intelligence (+2).
   It protects you from fire.
   It enhances your eyesight.
   It lets you fly.
 S - the +1 cloak of Elach (worn) {MR++ Int+4}
   (You found it on level 5 of the Vaults)

   It affects your intelligence (+4).
   It affects your resistance to hostile enchantments.
 V - the +0 pair of boots of Puklerr Eming (worn) {rPois+ rC++}
   (You found it on level 15 of the Dungeon)

   It greatly protects you from cold.
   It protects you from poison.
 W - a +2 pair of gloves of archery (worn)
 X - a +2 pair of boots of flying
Jewellery
 d - the ring of the Sky {rC+ rN+ SInv Stlth+}
   (You found it on level 3 of the Crypt)

   [ring of positive energy]

   It protects you from cold.
   It protects you from negative energy.
   It enhances your eyesight.
   It makes you more stealthy.
 y - an uncursed ring of teleport control
 H - an uncursed amulet of resist mutation
 J - an amulet of regeneration (around neck)
 L - the amulet "Cloiraiw" {Spirit rN+++ MR++ Int-5 Dex-5}
   (You took it off a deep elf blademaster on level 3 of the Elven Halls)

   [amulet of guardian spirit]

   It causes incoming damage to be split between your health and magic.
   It affects your intelligence (-5).
   It affects your dexterity (-5).
   It renders you almost immune to negative energy.
   It affects your resistance to hostile enchantments.
 R - the ring of Phimpimadi (left hand) {+Blink rF+ rN+ Str+4}
   (You found it on level 3 of the Crypt)

   [ring of positive energy]

   It affects your strength (+4).
   It protects you from fire.
   It protects you from negative energy.
   It lets you blink.
 Z - the ring "Ecajalo" (right hand) {AC+2 Str+4 Dex+2}
   (You found it on level 7 of the Lair of Beasts)

   [ring of protection]

   It affects your AC (+2).
   It affects your strength (+4).
   It affects your dexterity (+2).
Magical devices
 r - a wand of digging (11)
 C - a wand of teleportation (5)
 O - a wand of disintegration (12)
 P - a wand of hasting (7)
 Y - a wand of heal wounds (9)
Scrolls
 g - 32 scrolls of identify
 i - 2 scrolls of teleportation
 j - 10 scrolls of fog
 m - 16 scrolls of recharging
 x - 6 scrolls of blinking
 A - 18 scrolls of magic mapping
 K - a scroll of holy word
 M - 30 scrolls of remove curse
 T - 2 scrolls of enchant armour
Potions
 c - 11 potions of agility
 k - 9 potions of haste
 l - 8 potions of restore abilities
 u - 3 potions of cure mutation
 v - 15 potions of heal wounds
 B - 4 potions of might
 F - 41 potions of curing
 N - 3 potions of cancellation
 U - 5 potions of resistance
Comestibles
 f - 17 bread rations
 n - 40 meat rations
 p - a royal jelly


   Skills:
 O Level 27 Fighting
 O Level 27 Axes
 O Level 27 Crossbows
 O Level 27 Armour
 + Level 26.1 Dodging
 - Level 0.7 Stealth
 + Level 11.6 Invocations


You had 26 spell levels left.
You didn't know any spells.

Dungeon Overview and Level Annotations

Branches:
Dungeon (15/15)            Temple (1/1) D:4            Lair (8/8) D:8
 Shoals (5/5) Lair:5       Spider (5/5) Lair:6        Slime (6/6) Lair:7
    Orc (4/4) D:9             Elf (3/3) Orc:3        Vaults (5/5) D:14
  Crypt (3/3) Vaults:3       Tomb (0/3) Crypt:3      Depths (5/5) D:15
   Hell (1/1)                 Zot (0/5) Depths:5
    Dis: Hell:1         Geh: Hell:1         Coc: Hell:1         Tar: Hell:1

Altars:
Ashenzari
Cheibriados
Dithmenos
Elyvilon
Fedhas
Gozag
Kikubaaqudgha
Makhleb
Nemelex Xobeh
Okawaru
Qazlal
Ru
Sif Muna
Trog
Vehumet
Xom
Yredelemnul
Zin
The Shining One
Beogh
Jiyva

Shops:
D:3 *   D:4 !   D:7 [   D:14 *   Orc:4 :(=(=!*   Shoals:1 ([!   Vaults:4 *

Portals:
Hell: Depths:1 Depths:2 Depths:3 Depths:4 Depths:5
Abyss: Depths:2 Depths:4
Pandemonium: Depths:1 Depths:3
Ziggurat: Depths:4

Annotations:
Elf:2 runed door
Hell Geryon


Innate Abilities, Weirdness & Mutations

You reflexively headbutt those who attack you in melee.
You have a pair of horns on your head.


Message History

The balrug gestures at you.
The bolt of fire hits the sun demon.
The sun demon completely resists.
The bolt of fire misses you. The anaconda zombie misses you.
The anaconda zombie misses you. The reaper hits you but does no damage.
The sun demon hits you!
* * * LOW HITPOINT WARNING * * *
You are engulfed in flames.
You resist.
* * * LOW HITPOINT WARNING * * *
The hellion gestures at you.
The hellfire explodes!
The burst of hellfire engulfs you!
* * * LOW HITPOINT WARNING * * *
The burst of hellfire engulfs the sun demon.
The sun demon completely resists.
The burst of hellfire engulfs the hell knight.
The hell knight completely resists.
The burst of hellfire engulfs the hellion.
The hellion completely resists.
The burst of hellfire engulfs the anaconda zombie.
The crimson imp blinks!
Geryon tail-slaps you from afar!!
You die...

... ..... █...
██.. ██ ██..█..██
██...█...██
██....█....█
██.█.......█.█
██...4..23.....█
█...523@█......
........ppZp.3.^..
...███.&█22p█p.██
.. ..§..p2pp. ..
█.......█33...
██............
██.█.......█
██....█... ...█


You could see Geryon, 3 reapers, a balrug, 7 hell knights, a soul eater, 3 ice
devils, a sun demon, a necromancer, a hellion, a red devil, a crimson imp and an
anaconda zombie (wandering).

Vanquished Creatures
  Cerebov (Pan)
  the royal jelly (Slime:6)
  Dissolution (Slime:4)
  Gloorx Vloq (Pan)
  Mnoleg (Pan)
  Lom Lobon (Pan)
  3 ancient liches
  13 pandemonium lords (Pan)
  Boris (Vaults:4)
  Sojobo (Depths:2)
  Norris (Vaults:2)
  Saint Roka (Vaults:4)
  3 caustic shrikes
  10 Killer Klowns (Pan)
  2 golden dragons
  The ghost of kroki the Brawler, a great MiMo of Cheibriados (Depths:4)
  Frederick (Depths:5)
  Arachne (Spider:5)
  2 bone dragons (Crypt:3)
  2 Brimstone Fiends (Pan)
  10 Ice Fiends (Pan)
  5 tentacled monstrosities
  7 Hell Sentinels (Pan)
  8 Shadow Fiends (Pan)
  6 deep elf master archers
  9 deep elf blademasters
  9 titans
  5 liches
  3 sphinxes
  26 acid blobs
  Rupert (Lair:4)
  5 ancient champions
  33 Executioners (Pan)
  Kirke (Spider:5)
  4 tengu reavers
  2 thorn hunters (Pan)
  10 shadow dragons
  Roxanne (Spider:5)
  A revenant (Pan)
  Ilsuiw (Shoals:5)
  15 fire giants
  8 storm dragons
  10 corrupters (Pan)
  Wiglaf (Spider:2)
  6 ghost moths
  23 balrugs (Pan)
  16 azure jellies
  18 frost giants
  13 vault wardens
  Aizul (Shoals:3)
  3 curse skulls
  A draconian zealot (Depths:5)
  10 warmongers (Pan)
  22 deep elf sorcerers
  Gastronok (D:9)
  An orc warlord (Pan)
  8 emperor scorpions
  6 angels (Pan)
  39 cacodemons (Pan)
  4 ghouls
  14 ironheart preservers
  A draconian annihilator (Pan)
  Jorgrun (Vaults:4)
  An ophan (Pan)
  6 reapers
  9 very ugly things
  26 stone giants
  2 apis (Pan)
  7 chaos champions (Pan)
  6 deep elf demonologists
  6 blood saints (Pan)
  8 black suns (Pan)
  2 yellow draconians (Depths:5)
  Azrael (D:14)
  2 pale draconians
  4 vampire knights
  10 deep elf annihilators
  13 lorocyprocas
  A mottled draconian (Depths:5)
  A white draconian (Slime:6)
  2 dire elephants
  20 blizzard demons (Pan)
  3 unborn (Crypt:2)
  2 merfolk javelineers (Shoals:5)
  6 eidola
  7 merfolk impalers
  6 death oozes
  A minotaur (shapeshifter) (D:15)
  14 ettins
  18 jiangshi
  8 deep elf death magi
  4 minotaurs
  11 fire dragons
  A fire dragon (shapeshifter) (Vaults:5)
  21 green deaths (Pan)
  24 vault guards
  7 deep elf high priests
  21 great orbs of eyes
  A quicksilver dragon skeleton (Crypt:3)
  9 yaktaur captains
  Fannar (Lair:2)
  13 rakshasas
  Harold (Lair:2)
  26 monstrous demonspawn (Pan)
  4 ice dragons
  Nessos (Orc:3)
  11 hydras
  A satyr (Shoals:5)
  5 deep troll earth magi
  An anaconda (shapeshifter) (D:14)
  2 merfolk avatars (Shoals:4)
  Erica (Orc:4)
  8 merfolk aquamancers
  A spriggan air mage (Depths:5)
  10 centaur warriors
  An alligator snapping turtle (Shoals:5)
  4 deep troll shamans
  13 dancing weapons
  29 ogre magi
  2 death knights
  11 death yaks
  5 tengu warriors
  19 hell beasts
  14 vampire magi
  51 sun demons
  A catoblepas (Lair:6)
  4 orc high priests (Orc:4)
  A spriggan berserker (Depths:5)
  6 holy swine (Pan)
  21 soul eaters
  2 spriggans (Depths:5)
  10 hell knights
  7 shadow wraiths
  An iron troll (Depths:3)
  9 sea snakes
  A titan skeleton (Crypt:3)
  A fire crab (shapeshifter) (Vaults:5)
  4 fire crabs
  28 deep elf knights
  4 unseen horrors
  58 skeletal warriors
  70 large abominations (Pan)
  2 golden dragon zombies (Depths:4)
  2 giant orange brains (shapeshifter) (Vaults:5)
  9 wizards
  2 anaconda zombies
  A swamp dragon (shapeshifter) (Depths:3)
  13 putrid demonspawn (Pan)
  3 storm dragon skeletons
  11 deep elf summoners
  27 deep trolls
  14 ironbrand convokers
  19 infernal demonspawn (Pan)
  3 ice statues (IceCv)
  5 flayed ghosts
  17 shadow demons
  6 ice devils
  8 hill giants
  2 golden dragon skeletons
  Pikel (D:4)
  4 giant orange brains
  25 gelid demonspawn (Pan)
  8 necromancers
  A sphinx zombie (Depths:4)
  A shadow dragon zombie (Vaults:5)
  20 harpies
  18 orc knights
  11 shining eyes
  A shadow dragon skeleton (Pan)
  27 torturous demonspawn (Pan)
  18 orb spiders
  A wolf spider zombie (D:15)
  17 deep elf conjurers
  An anaconda skeleton (Crypt:1)
  15 phantasmal warriors
  26 wolf spiders
  A frost giant zombie (Depths:4)
  A faun (Shoals:2)
  9 sirens
  A moth of wrath (Spider:4)
  12 cyclopes
  57 ugly things
  6 orc sorcerers
  19 griffons
  7 hornets
  2 salamanders (Depths:1)
  6 elephants
  A drowned soul (Shoals:4)
  A molten gargoyle (Depths:1)
  3 stone giant skeletons
  63 sixfirhies
  2 iron dragon skeletons
  8 rust devils
  2 fire giant skeletons (Crypt:3)
  3 centaur zombies
  4 water nymphs
  11 manticores
  A shock serpent zombie (Crypt:3)
  61 smoke demons
  7 vault sentinels
  5 black mambas
  4 torpor snails
  4 frost giant skeletons
  A shock serpent skeleton (Crypt:3)
  2 gargoyles (D:13)
  3 naga magi (Vaults:1)
  2 dire elephant skeletons
  A queen ant (Lair:5)
  8 eyes of devastation
  A redback zombie (D:13)
  4 hellions
  4 tengu conjurers
  4 tormentors (Pan)
  11 spiny frogs
  An alligator snapping turtle skeleton (Crypt:3)
  A yaktaur (shapeshifter) (D:15)
  72 orange demons (Pan)
  31 yaktaurs
  A silent spectre (Crypt:3)
  10 efreet
  6 komodo dragons
  17 deep elf priests
  3 fire drakes
  A harpy zombie (D:13)
  72 hellwings
  A sea snake skeleton (Crypt:2)
  6 kobold demonologists
  A spriggan skeleton (Depths:1)
  3 freezing wraiths
  A polar bear (Lair:6)
  42 red devils
  11 trolls
  9 demonic crawlers
  37 jumping spiders
  18 merfolk
  4 wind drakes
  6 fire vortices
  10 blue devils
  A moth of wrath zombie (Crypt:3)
  Prince Ribbit (D:7)
  A bog body (Crypt:1)
  A fire dragon zombie (Crypt:3)
  A raiju (shapeshifter) (Elf:3)
  21 blink frogs
  A jumping spider zombie (Crypt:2)
  4 hydra skeletons
  A satyr zombie (Crypt:2)
  A sphinx simulacrum (Vaults:3)
  9 snapping turtles
  5 boulder beetles
  An ettin zombie (D:13)
  182 slime creatures
  29 two-headed ogres
  12 ravens
  A basilisk (shapeshifter) (Depths:3)
  2 shadows
  9 basilisks
  3 wyverns
  4 fire dragon skeletons
  6 wraiths
  18 trapdoor spiders
  2 alligator skeletons
  80 redbacks
  2 ice dragon skeletons (Pan)
  6 air elementals
  12 hippogriffs
  3 fire elementals (D:14)
  A hog (Spider:5)
  19 tarantellas
  2 ettin skeletons (Crypt:3)
  48 flying skulls
  30 deep elf magi
  35 ynoxinuls (Pan)
  A human (shapeshifter) (Vaults:4)
  A wyvern (shapeshifter) (Vaults:3)
  A hill giant zombie (D:13)
  16 humans
  11 water elementals
  44 yaks
  6 chaos spawn (Pan)
  A fire bat (shapeshifter) (Vaults:5)
  A human simulacrum (Vaults:2)
  3 hungry ghosts
  A queen ant zombie (Crypt:2)
  Grum (D:9)
  2 steam dragons
  30 deep elf fighters
  20 wolves
  A wind drake skeleton (Crypt:1)
  20 golden eyes
  16 vampire mosquitoes
  5 vampires
  An elf skeleton (Depths:4)
  6 wargs
  41 neqoxecs
  An ogre zombie (D:15)
  6 mottled dragons
  A faun skeleton (Crypt:2)
  A raven skeleton (Crypt:1)
  10 soldier ants
  7 hell hounds
  A torturous demonspawn zombie (Crypt:1)
  3 sky beasts
  A monstrous demonspawn skeleton (Crypt:1)
  An orb spider zombie (Crypt:2)
  10 porcupines
  A deep troll skeleton (Vaults:5)
  27 ice beasts
  An ice beast (shapeshifter) (Vaults:5)
  13 water moccasins
  A baby alligator skeleton (Crypt:1)
  An eye of draining (shapeshifter) (Depths:4)
  The ghost of ConnectionFaild the Charlatan, an average SpAr (D:5)
  A swamp drake (Lair:8)
  9 wasps
  62 orc warriors
  3 necrophages
  2 spiny frog skeletons
  14 eyes of draining
  A slave (D:4)
  20 spiders
  7 boggarts
  18 centaurs
  76 ogres
  2 boring beetles
  3 ettin simulacra
  3 snapping turtle skeletons
  8 big kobolds
  17 crocodiles
  4 phantoms
  A lindwurm skeleton (Crypt:2)
  4 lost souls
  19 giant frogs
  Blork the orc (D:4)
  4 brain worms (Pan)
  A salamander zombie (Crypt:3)
  2 salamander skeletons
  A yaktaur skeleton (Crypt:2)
  A wyvern skeleton (D:10)
  14 killer bees
  11 scorpions
  5 electric eels
  15 crimson imps
  14 wights
  3 goliath beetles
  3 giant frog skeletons
  9 hounds
  A gnoll shaman (D:9)
  2 giant frog zombies
  5 centaur skeletons
  49 jellies
  30 orc wizards
  Crazy Yiuf (D:5)
  44 orc priests
  5 quasits
  A soldier ant zombie (Crypt:1)
  15 iguanas
  28 sheep
  28 worker ants
  A mottled dragon zombie (Crypt:3)
  3 hell rats
  Ijyb (D:7)
  An ogre skeleton (Crypt:2)
  A hound zombie (D:6)
  A hound skeleton (D:5)
  A mummy (D:13)
  A worker ant zombie (D:11)
  24 gnolls
  22 adders
  A scorpion zombie (Crypt:3)
  5 shadow imps
  A white imp (Depths:1)
  63 river rats
  3 giant mites
  7 worms
  61 ufetubi
  A giant eyeball (Pan)
  An adder zombie (D:10)
  An iguana zombie (D:13)
  A sheep skeleton (Crypt:3)
  7 giant geckos
  7 oozes
  239 orcs
  2 ball pythons
  16 bats
  8 giant cockroaches
  23 hobgoblins
  11 jackals
  6 giant newts
  18 goblins
  A jackal skeleton (D:4)
  A jackal zombie (D:6)
  32 kobolds
  16 quokkas
  A quokka skeleton (D:6)
  11 rats
  A bush (Lair:6)
  7 crawling corpses
  6 fungi
  2 grand avatars (Pan)
  10 plants
4279 creatures vanquished.

Vanquished Creatures (others)
  A tentacled monstrosity (Pan)
  A lich (Vaults:4)
  2 eldritch tentacles (Pan)
  A tengu reaver (Depths:2)
  A vault guard (Vaults:5)
  An ironbrand convoker (Vaults:2)
  6 drowned souls (Shoals:4)
  A tengu conjurer (D:14)
  A redback (Spider:5)
  2 golden eyes (Pan)
  A hippogriff (Lair:4)
  5 humans (Spider:5)
  A deep elf fighter (Slime:5)
  A porcupine (Lair:4)
  A water moccasin (Lair:7)
  A crocodile (Lair:7)
  5 lost souls
  A hound (Lair:4)
  A worker ant (D:14)
  2 orc wizards (Orc:4)
  5 sheep (Lair:1)
  An adder (Lair:4)
  An ufetubus (Pan)
  2 orcs (Orc:4)
  147 eldritch tentacle segments (Pan)
  4 fungi
  7 plants
  A singularity (Pan)
204 creatures vanquished.

Grand Total: 4483 creatures vanquished

Notes
Turn   | Place    | Note
--------------------------------------------------------------
     0 | D:1      | nht, the Minotaur Hunter, began the quest for the Orb.
     0 | D:1      | Reached XP level 1. HP: 18/18 MP: 1/1
   232 | D:1      | Reached XP level 2. HP: 25/25 MP: 1/1
   234 | D:1      | Reached skill level 5 in Crossbows
   765 | D:1      | Reached XP level 3. HP: 30/30 MP: 2/2
  1256 | D:2      | Reached skill level 6 in Crossbows
  1332 | D:2      | Reached XP level 4. HP: 33/37 MP: 2/2
  1433 | D:2      | Found a shattered altar of Ashenzari.
  1900 | D:3      | Reached skill level 7 in Crossbows
  1900 | D:3      | Reached XP level 5. HP: 35/42 MP: 2/2
  1923 | D:3      | Noticed a phantom
  1939 | D:3      | Killed a phantom
  2258 | D:3      | Found Gozag's Platinum Reserve.
  2261 | D:3      | Found an opulent altar of Gozag.
  2364 | D:3      | Reached skill level 8 in Crossbows
  2364 | D:3      | Reached XP level 6. HP: 50/50 MP: 3/3
  2650 | D:4      | Found a staircase to the Ecumenical Temple.
  2668 | Temple   | Entered the Ecumenical Temple
  2697 | Temple   | Became a worshipper of Warmaster Okawaru
  2767 | D:4      | Found Dufyluin's Distillery.
  2772 | D:4      | Bought a potion of mutation for 27 gold pieces
  2772 | D:4      | Bought a potion of agility for 44 gold pieces
  2772 | D:4      | Bought a potion of might for 44 gold pieces
  2772 | D:4      | Bought a potion of heal wounds for 55 gold pieces
  2907 | D:4      | Reached skill level 9 in Crossbows
  3017 | D:4      | Noticed Blork the orc
  3040 | D:4      | Killed Blork the orc
  3040 | D:4      | Acquired Okawaru's first power
  3040 | D:4      | Reached XP level 7. HP: 45/56 MP: 3/3
  3205 | D:4      | Reached skill level 1 in Armour
  3238 | D:4      | Noticed Pikel
  3256 | D:4      | Killed Pikel
  3256 | D:4      | Reached XP level 8. HP: 46/66 MP: 3/3
  3615 | D:5      | Entered Level 5 of the Dungeon
  3625 | D:5      | Reached skill level 10 in Crossbows
  3808 | D:5      | Noticed ConnectionFaild's ghost (average SpAr)
  3836 | D:5      | Killed ConnectionFaild's ghost
  3909 | D:5      | Found a burning altar of Makhleb.
  3910 | D:5      | Found a shimmering altar of Xom.
  3969 | D:5      | Reached skill level 5 in Fighting
  4041 | D:5      | Found a deep blue altar of Sif Muna.
  4084 | D:5      | Noticed Crazy Yiuf
  4089 | D:5      | Killed Crazy Yiuf
  4372 | D:6      | Reached skill level 11 in Crossbows
  4393 | D:6      | Reached XP level 9. HP: 51/74 MP: 5/5
  4614 | D:6      | Reached skill level 1 in Invocations
  4681 | D:6      | Reached skill level 5 in Dodging
  4717 | D:6      | Found a snail-covered altar of Cheibriados.
  5221 | D:6      | Reached skill level 5 in Armour
  5535 | D:7      | Noticed Prince Ribbit
  5560 | D:7      | Received a gift from Okawaru
  5753 | D:7      | Found Sauskup's Antique Armour Shoppe.
  6124 | D:7      | Found a glowing golden altar of the Shining One.
  6133 | D:7      | Noticed an angel
  6211 | D:7      | Killed Prince Ribbit
  6240 | D:7      | Noticed Ijyb
  6251 | D:7      | Killed Ijyb
  6442 | D:7      | Received a gift from Okawaru
  6503 | D:7      | Reached skill level 12 in Crossbows
  6573 | D:7      | Found a basalt altar of Yredelemnul.
  6574 | D:7      | Noticed a profane servitor
  6710 | D:8      | Found a radiant altar of Vehumet.
  6879 | D:8      | Found a staircase to the Lair.
  6889 | D:8      | Reached XP level 10. HP: 77/84 MP: 10/10
  7409 | D:8      | Found a radiant altar of Vehumet.
  7790 | D:8      | Found a blossoming altar of Fedhas.
  7793 | D:8      | Found a white marble altar of Elyvilon.
  7797 | D:8      | Found a sacrificial altar of Ru.
  8056 | D:9      | Found a staircase to the Orcish Mines.
  8390 | D:9      | Noticed Grum
  8409 | D:9      | Gained mutation: You passively map a small area around you. [potion of beneficial mutation]
  8428 | D:9      | Killed Grum
  8713 | D:9      | Noticed Gastronok
  8730 | D:9      | Killed Gastronok
  8730 | D:9      | Received a gift from Okawaru
  8730 | D:9      | Reached skill level 13 in Crossbows
  8773 | D:9      | Acquired Okawaru's second power
  8872 | Orc:1    | Entered Level 1 of the Orcish Mines
  9160 | D:9      | Reached XP level 11. HP: 6/94 MP: 11/13
  9179 | D:9      | Reached skill level 5 in Invocations
  9433 | Orc:1    | Noticed an orc knight
  9658 | D:4      | Bought a potion of heal wounds for 55 gold pieces
  9658 | D:4      | Bought a potion of might for 44 gold pieces
  9658 | D:4      | Bought a potion of heal wounds for 55 gold pieces
  9658 | D:4      | Bought a potion of berserk rage for 55 gold pieces
  9658 | D:4      | Bought a potion of lignification for 33 gold pieces
  9658 | D:4      | Bought a potion of ambrosia for 88 gold pieces
  9779 | D:7      | Bought an encrusted chain mail for 285 gold pieces
  9789 | D:7      | Identified the +4 chain mail "Geoh" {rC+ Int+8} (You bought it in a shop on level 7 of the Dungeon)
  9845 | Lair:1   | Entered Level 1 of the Lair of Beasts
  9852 | Lair:1   | Received a gift from Okawaru
  9866 | Lair:1   | Noticed a five-headed hydra
  9880 | Lair:1   | Killed a five-headed hydra
 10407 | Lair:1   | Found a shimmering altar of Xom.
 10997 | Lair:2   | Found an ancient bone altar of Kikubaaqudgha.
 11055 | Lair:2   | Received a gift from Okawaru
 11056 | Lair:2   | Got a steaming fire dragon armour {god gift}
 11067 | Lair:2   | Identified the +4 fire dragon armour of Klai {rF++ rC- Str+5 Dex+4} (Okawaru gifted it to you on level 2 of the Lair of Beasts)
 11395 | Lair:2   | Noticed Fannar
 11408 | Lair:2   | Killed Fannar
 11818 | Lair:2   | Noticed a seven-headed hydra
 11822 | Lair:2   | Reached skill level 1 in Axes
 11946 | Lair:2   | Noticed Harold
 12141 | Lair:2   | Killed Harold
 12227 | Lair:2   | You fall through a shaft!
 12227 | Lair:3   | Found a labyrinth entrance.
 12235 | Lab      | Entered a labyrinth
 12543 | Lab      | Noticed a minotaur
 12566 | Lab      | Killed a minotaur
 12566 | Lab      | Reached skill level 5 in Axes
 13151 | Lair:3   | Reached XP level 12. HP: 79/103 MP: 16/16
 13520 | Lair:3   | Found a staircase to the Shoals.
 13917 | Lair:4   | Noticed Rupert
 14295 | Lair:4   | Reached skill level 10 in Axes
 14564 | Lair:4   | Reached XP level 13. HP: 108/108 MP: 17/17
 14591 | Lair:4   | Killed Rupert
 14591 | Lair:4   | Reached skill level 14 in Axes
 14997 | Lair:5   | Reached skill level 15 in Axes
 15074 | Lair:5   | Found a staircase to the Shoals.
 15258 | Lair:5   | Received a gift from Okawaru
 15418 | Lair:5   | Received a gift from Okawaru
 15717 | Lair:5   | Received a gift from Okawaru
 16002 | Lair:5   | Reached skill level 16 in Axes
 16552 | Lair:6   | Reached XP level 14. HP: 116/116 MP: 18/18
 16567 | Lair:6   | Reached skill level 17 in Axes
 16657 | Lair:6   | Found a hole to the Spider Nest.
 16742 | Lair:6   | Received a gift from Okawaru
 17481 | Lair:7   | Reached skill level 18 in Axes
 17516 | Lair:7   | Got a heavily runed golden ring
 17545 | Lair:7   | Found a staircase to the Slime Pits.
 17887 | Lair:7   | Identified the ring "Ecajalo" {AC+2 Str+4 Dex+2} (You found it on level 7 of the Lair of Beasts)
 18258 | Lair:8   | Entered Level 8 of the Lair of Beasts
 18642 | Lair:8   | Reached skill level 15 in Crossbows
 18757 | Lair:8   | Received a gift from Okawaru
 19367 | Orc:1    | Killed an orc knight
 19871 | Orc:3    | Received a gift from Okawaru
 19886 | Orc:3    | Found a staircase to the Elven Halls.
 19906 | Orc:3    | Found a roughly hewn altar of Beogh.
 20286 | Orc:3    | Noticed Nessos
 20426 | Orc:3    | Killed Nessos
 20514 | Orc:4    | Entered Level 4 of the Orcish Mines
 20517 | Orc:4    | Found Ekhlaagg's Weapon Boutique.
 20526 | Orc:4    | Found Udaa's Jewellery Emporium.
 20559 | Orc:4    | Found Qastacs' Book Boutique.
 20597 | Orc:4    | Found a flickering gateway to a bazaar.
 20606 | Bazaar   | Entered a bazaar
 20606 | Bazaar   | Found Byney's General Store.
 20606 | Bazaar   | Found Kackur's Distillery.
 20621 | Bazaar   | Bought a scroll of identify for 24 gold pieces
 20623 | Bazaar   | Found Ocaotir's Gadget Emporium.
 20634 | Bazaar   | Found Klei's Antique Weapon Boutique.
 20641 | Bazaar   | Found Pnaorug's Antique Armour Boutique.
 20651 | Bazaar   | Bought an ichor-stained hat for 189 gold pieces
 20684 | Bazaar   | Identified the +2 hat of Two Fra {+Fly rF+ Int+2 SInv} (You bought it in a shop in a bazaar)
 20684 | Bazaar   | Bought a potion of haste for 130 gold pieces
 20684 | Bazaar   | Bought a potion of curing for 39 gold pieces
 20684 | Bazaar   | Bought a potion of heal wounds for 65 gold pieces
 20684 | Bazaar   | Bought a potion of might for 52 gold pieces
 20684 | Bazaar   | Bought a potion of curing for 39 gold pieces
 20692 | Bazaar   | Bought a scroll of enchant armour for 90 gold pieces
 21057 | Orc:4    | Noticed Erica
 21065 | Orc:4    | Killed Erica
 21179 | Orc:4    | Found Pnet's Jewellery Shoppe.
 21221 | Orc:4    | Found Vin Car's Jewellery Boutique.
 21221 | Orc:4    | Found Weegoef's Assorted Antiques.
 21223 | Orc:4    | Received a gift from Okawaru
 21532 | Orc:4    | Reached XP level 15. HP: 109/124 MP: 17/21
 21538 | Orc:4    | Found Utsuobla's Distillery.
 21541 | Orc:4    | Found Zuf Teal's Weapon Boutique.
 21591 | Orc:4    | Bought a runed zirconium amulet for 165 gold pieces
 21595 | Orc:4    | Bought 14 bolts of penetration for 100 gold pieces
 21899 | D:10     | Entered Level 10 of the Dungeon
 22488 | D:11     | Found a flagged portal.
 22495 | Bailey   | Entered a bailey
 22601 | Bailey   | Reached XP level 16. HP: 132/138 MP: 21/21
 22670 | Bailey   | Reached skill level 19 in Axes
 22724 | Bailey   | Received a gift from Okawaru
 23140 | D:11     | Received a gift from Okawaru
 23688 | D:12     | Identified a scroll of acquirement
 24713 | D:13     | Received a gift from Okawaru
 24815 | D:13     | Reached skill level 10 in Armour
 24939 | D:14     | Found a gate to the Vaults.
 25100 | D:13     | Reached skill level 10 in Dodging
 25282 | D:14     | Found a glowing golden altar of the Shining One.
 25451 | D:14     | Noticed Azrael
 25471 | D:14     | Killed Azrael
 25566 | D:14     | Found a portal to a secret trove of treasure.
 25770 | D:14     | Found Usonn's Assorted Antiques.
 25810 | D:14     | Bought an encrusted scale mail for 288 gold pieces
 25820 | D:14     | Identified the cursed -2 scale mail "Guqem" {rF++ Dex-5} (You bought it in a shop on level 14 of the Dungeon)
 26051 | D:15     | Entered Level 15 of the Dungeon
 26267 | D:15     | Found a frozen archway.
 26295 | IceCv    | Entered an ice cave
 27111 | D:15     | Reached skill level 20 in Axes
 27136 | D:15     | Reached XP level 17. HP: 146/146 MP: 24/24
 27136 | D:15     | Paralysed by an orc sorcerer for 2 turns
 27171 | D:15     | Found a staircase to the Depths.
 27428 | D:15     | Received a gift from Okawaru
 27980 | D:14     | Received a gift from Okawaru
 28433 | Shoals:1 | Entered Level 1 of the Shoals
 28456 | Shoals:1 | Found Strebrueca's Distillery.
 28502 | Shoals:1 | Found Aroel's Antique Weapon Shoppe.
 28553 | Shoals:1 | Found Plyklawk's Antique Armour Boutique.
 28593 | Shoals:1 | Received a gift from Okawaru
 28924 | Shoals:1 | Received a gift from Okawaru
 30389 | Shoals:2 | Reached skill level 21 in Axes
 31699 | Shoals:3 | Noticed Aizul
 31718 | Shoals:3 | Killed Aizul
 32325 | Shoals:3 | Received a gift from Okawaru
 32632 | Shoals:4 | Received a gift from Okawaru
 32633 | Shoals:4 | Got a faintly glowing plate armour {god gift}
 33122 | Shoals:5 | Entered Level 5 of the Shoals
 33262 | Shoals:5 | Got a barnacled rune of Zot
 34599 | Shoals:5 | Reached XP level 18. HP: 154/154 MP: 25/25
 34691 | Shoals:5 | Got a smoking scale mail
 34952 | Shoals:5 | Reached skill level 22 in Axes
 35152 | Shoals:5 | Noticed Ilsuiw
 35159 | Shoals:5 | Killed Ilsuiw
 36098 | Vaults:1 | Entered Level 1 of the Vaults
 36356 | Vaults:1 | Received a gift from Okawaru
 36621 | Vaults:1 | Found a radiant altar of Vehumet.
 36731 | Vaults:1 | Identified the cursed -2 scale mail of Salvation {rElec rF- Int+4} (You took it off a merfolk on level 5 of the Shoals)
 36742 | Vaults:1 | Identified the +7 plate armour "Zytteyw" {rElec rC- rCorr Str+4 SInv} (Okawaru gifted it to you on level 4 of the Shoals)
 37352 | D:15     | Got a pair of spiked boots
 37363 | D:15     | Identified the +0 pair of boots of Puklerr Eming {rPois+ rC++} (You found it on level 15 of the Dungeon)
 37386 | Depths:1 | Entered Level 1 of the Depths
 37579 | Depths:1 | Found a gateway to Hell.
 37659 | Depths:1 | Received a gift from Okawaru
 37668 | Depths:1 | Reached skill level 23 in Axes
 37738 | Depths:1 | Received a gift from Okawaru
 37793 | Depths:1 | Found a one-way gate leading to the halls of Pandemonium.
 38082 | Depths:1 | Found a viscous altar of Jiyva.
 38232 | D:14     | Reached XP level 19. HP: 135/160 MP: 23/25
 38236 | D:14     | You paid a toll of 2 scrolls of acquirement to enter a treasure trove
 38237 | Trove    | Entered a treasure trove
 38253 | Trove    | Got a twitching bone ring
 38268 | Trove    | Got a ring of the Octopus King
 38271 | Trove    | Got a steaming steel ring
 38273 | Trove    | Identified the ring "Trimoeg" {rF+ rN+ Dex+4 Stlth+} (You found it in a treasure trove)
 38274 | Trove    | Identified a ring of the Octopus King {MP+9 AC+1 EV+1 Str+1 Int+1 Dex+1} (You found it in a treasure trove)
 38275 | Trove    | Identified the ring of Lext {Wiz Int+5} (You found it in a treasure trove)
 38622 | Vaults:2 | Received a gift from Okawaru
 38641 | Vaults:2 | Identified a +2 pair of boots of running (Okawaru gifted it to you on level 2 of the Vaults)
 38668 | Vaults:2 | Noticed Norris
 38673 | Vaults:2 | Paralysed by Norris for 7 turns
 38905 | Vaults:2 | Found a white marble altar of Elyvilon.
 39326 | Vaults:2 | Killed Norris
 40049 | Vaults:3 | Found a flickering gateway to a bazaar.
 40054 | Bazaar   | Entered a bazaar
 40058 | Bazaar   | Found Miux's Jewellery Shop.
 40066 | Bazaar   | Bought an uncursed amulet of regeneration for 360 gold pieces
 40074 | Bazaar   | Found Ceih's Weapon Emporium.
 40075 | Bazaar   | Found Royfes' Food Boutique.
 40080 | Bazaar   | Found Suism's Food Shop.
 40117 | Bazaar   | Found Maivisch's Armour Boutique.
 40155 | Vaults:3 | Received a gift from Okawaru
 40157 | Vaults:3 | Got a pair of brightly glowing boots {god gift}
 40168 | Vaults:3 | Identified the +0 pair of boots of the Harvest {Str+3 Dex-5} (Okawaru gifted it to you on level 3 of the Vaults)
 40634 | Vaults:3 | Found a staircase to the Crypt.
 40634 | Vaults:3 | Found a basalt altar of Yredelemnul.
 40635 | Vaults:3 | Found an ancient bone altar of Kikubaaqudgha.
 41508 | Vaults:4 | Reached XP level 20. HP: 152/168 MP: 26/26
 41558 | Vaults:4 | Noticed Jorgrun
 41567 | Vaults:4 | Killed Jorgrun
 41635 | Vaults:4 | Noticed Boris
 41648 | Vaults:4 | Killed Boris
 41736 | Vaults:4 | Received a gift from Okawaru
 41739 | Vaults:4 | should do more finesse
 41778 | Vaults:4 | Noticed Saint Roka
 41794 | Vaults:4 | Killed Saint Roka
 42109 | Vaults:4 | Found Moyrgheaf's General Store.
 42125 | Vaults:4 | Bought a scroll of magic mapping for 49 gold pieces
 42125 | Vaults:4 | Bought a potion of curing for 42 gold pieces
 42301 | Vaults:4 | Reached skill level 24 in Crossbows
 42527 | Vaults:5 | Entered Level 5 of the Vaults
 42538 | Vaults:4 | Received a gift from Okawaru
 42892 | Vaults:5 | Reached skill level 25 in Crossbows
 43215 | Vaults:5 | Reached XP level 21. HP: 168/174 MP: 27/27
 43365 | Vaults:5 | Received a gift from Okawaru
 43366 | Vaults:5 | Got a pair of spiked gloves {god gift}
 43377 | Vaults:5 | Identified the +0 pair of gloves of Patterns {rPois+ Int+3 Dex+5} (Okawaru gifted it to you on level 5 of the Vaults)
 43506 | Vaults:5 | Got a silver rune of Zot
 43508 | Vaults:5 | Got a spiked cloak
 43519 | Vaults:5 | Identified the +0 cloak of the Solstice {rPois+ MR- Int+4} (You found it on level 5 of the Vaults)
 43551 | Vaults:5 | Noticed an ancient lich
 43555 | Vaults:5 | Killed an ancient lich
 43615 | Vaults:5 | Reached skill level 26 in Crossbows
 43700 | Vaults:5 | Got a warped cloak
 43711 | Vaults:5 | Identified the +1 cloak of Elach {MR++ Int+4} (You found it on level 5 of the Vaults)
 44180 | Vaults:5 | Received a gift from Okawaru
 44197 | Vaults:5 | Received a gift from Okawaru
 44721 | Vaults:5 | Received a gift from Okawaru
 44744 | Vaults:5 | Got a twisted chain mail
 44745 | Vaults:5 | Identified the cursed -5 chain mail of an ice cave {rF+ Dex+3} (You found it on level 5 of the Vaults)
 44873 | Crypt:1  | Entered Level 1 of the Crypt
 45060 | Crypt:1  | Reached XP level 22. HP: 163/185 MP: 27/27
 45135 | Crypt:1  | Reached XP level 23. HP: 190/193 MP: 27/27
 45467 | Crypt:1  | Received a gift from Okawaru
 45838 | Crypt:2  | Received a gift from Okawaru
 46792 | Crypt:3  | Entered Level 3 of the Crypt
 47016 | Crypt:3  | Found a staircase to the Tomb.
 47658 | Crypt:3  | Found an ancient bone altar of Kikubaaqudgha.
 47745 | Crypt:3  | Noticed an ancient lich
 47769 | Crypt:3  | Killed an ancient lich
 47769 | Crypt:3  | Received a gift from Okawaru
 47819 | Crypt:3  | Got a fine pewter ring
 47819 | Crypt:3  | Got a clouded iron ring
 47819 | Crypt:3  | Got a smoking glass ring
 47820 | Crypt:3  | Identified the ring of the Sky {rC+ rN+ SInv Stlth+} (You found it on level 3 of the Crypt)
 47821 | Crypt:3  | Identified the ring of Grontol {-Tele rPois+ rN+ Str+3} (You found it on level 3 of the Crypt)
 47822 | Crypt:3  | Identified the ring of Phimpimadi {+Blink rF+ rN+ Str+4} (You found it on level 3 of the Crypt)
 48533 | Vaults:3 | Reached skill level 15 in Fighting
 48535 | Vaults:3 | Reached XP level 24. HP: 163/206 MP: 28/28
 48857 | Depths:2 | Found a one-way gate to the infinite horrors of the Abyss.
 49324 | Depths:2 | Reached skill level 27 in Crossbows
 49325 | Depths:2 | Noticed Sojobo
 49611 | Depths:2 | Received a gift from Okawaru
 49725 | Depths:2 | Killed Sojobo
 50518 | Depths:3 | Received a gift from Okawaru
 50589 | Depths:3 | Found a deep blue altar of Sif Muna.
 50622 | Depths:3 | Noticed an ancient lich
 50623 | Depths:3 | Killed an ancient lich
 50623 | Depths:3 | Received a gift from Okawaru
 50984 | Depths:4 | Reached skill level 15 in Armour
 51023 | Depths:4 | Gained mutation: You have large cloven feet. [potion of beneficial mutation]
 51287 | Depths:4 | Found a gateway to a ziggurat.
 51613 | Depths:4 | Noticed kroki's ghost (great MiMo)
 51626 | Depths:4 | Killed kroki's ghost
 52056 | Depths:5 | Entered Level 5 of the Depths
 52241 | Depths:5 | Received a gift from Okawaru
 52301 | Depths:5 | Received a gift from Okawaru
 52316 | Depths:5 | Reached XP level 25. HP: 179/218 MP: 29/29
 52358 | Depths:5 | Noticed Frederick
 52366 | Depths:5 | Killed Frederick
 52458 | Depths:5 | Reached skill level 15 in Dodging
 52888 | Depths:4 | wtf is this shit enemy
 53340 | Depths:5 | Found a gate to the Realm of Zot.
 53794 | Elf:1    | Entered Level 1 of the Elven Halls
 55046 | Elf:2    | Found a runed gate.
 55054 | Elf:2    | Found a runed gate.
 55058 | Elf:2    | Found a runed gate.
 55909 | Elf:3    | Entered Level 3 of the Elven Halls
 56029 | Elf:3    | Received a gift from Okawaru
 56295 | Elf:3    | Received a gift from Okawaru
 56869 | Elf:3    | Got a shimmering silver amulet
 56920 | Elf:3    | Identified the amulet "Cloiraiw" {Spirit rN+++ MR++ Int-5 Dex-5} (You took it off a deep elf blademaster on level 3 of the Elven Halls)
 56951 | Elf:3    | Got a brightly glowing glass ring
 57077 | Elf:3    | Got a pitted wooden ring
 57078 | Elf:3    | Identified the ring "Zeoluwn" {rC- rN++ Int+3 Dex+2} (You found it on level 3 of the Elven Halls)
 57079 | Elf:3    | Identified the ring "Shenoag" {Ice rPois+} (You took it off a deep elf sorcerer on level 3 of the Elven Halls)
 57118 | Elf:3    | Got a ring of the Octopus King
 57132 | Elf:3    | Identified a ring of the Octopus King {SustAb AC+1 EV+1 Str+1 Int+1 Dex+1} (You took it off a deep elf knight on level 3 of the Elven Halls)
 57227 | Elf:3    | Got an ancient battleaxe
 57228 | Elf:3    | Identified the +10 battleaxe of Extremism {flame, Int+4} (You took it off a deep elf priest on level 3 of the Elven Halls)
 57430 | Elf:3    | Got a scorched scale mail
 57441 | Elf:3    | Identified the -2 scale mail "Isazaris" {rElec rF- Str+6 Dex+3} (You took it off a deep elf master archer on level 3 of the Elven Halls)
 57890 | Spider:1 | Entered Level 1 of the Spider Nest
 58850 | Spider:2 | Reached XP level 26. HP: 230/233 MP: 29/29
 59152 | Spider:2 | Noticed Wiglaf
 59155 | Spider:2 | Killed Wiglaf
 60707 | Spider:5 | Entered Level 5 of the Spider Nest
 60760 | Spider:5 | Noticed Kirke
 60767 | Spider:5 | Killed Kirke
 60767 | Spider:5 | Received a gift from Okawaru
 61206 | Spider:5 | Noticed Arachne
 61216 | Spider:5 | Killed Arachne
 61241 | Spider:5 | Noticed Roxanne
 61247 | Spider:5 | Killed Roxanne
 61536 | Spider:5 | Got a gossamer rune of Zot
 62277 | Pan      | Entered Pandemonium
 62286 | Pan      | Reached skill level 27 in Axes
 62573 | Pan      | Gained mutation: You have difficulty communicating with the divine. [a cacodemon]
 63014 | Pan      | Noticed Zaneh the pandemonium lord
 63025 | Pan      | Killed Zaneh the pandemonium lord
 63067 | Pan      | Found an exit through the horrors of the Abyss.
 63258 | Pan      | Got a pitted scale mail
 63259 | Pan      | Identified the +7 scale mail "Eshrap" {Regen+} (You found it in Pandemonium)
 63286 | Pan      | Got a fine scale mail
 63287 | Pan      | Identified the cursed -5 scale mail of Smawkeuc {Str+2 Dex+4 Stlth+} (You found it in Pandemonium)
 63300 | Pan      | Entered the realm of Lom Lobon.
 63512 | Pan      | Received a gift from Okawaru
 63726 | Pan      | Noticed Lom Lobon
 63748 | Pan      | lom...
 64191 | Pan      | Received a gift from Okawaru
 64319 | Pan      | Found an exit through the horrors of the Abyss.
 64764 | Pan      | Killed Lom Lobon
 64777 | Pan      | Got a magical rune of Zot
 64951 | Pan      | Reached XP level 27. HP: 246/246 MP: 29/29
 65251 | Pan      | Gained mutation: You are weak. (Str -2) [a neqoxec]
 65340 | Pan      | Noticed Thihuge the pandemonium lord
 65343 | Pan      | Gained mutation: Potions and wands are less effective at restoring your health. [a cacodemon]
 65356 | Pan      | Killed Thihuge the pandemonium lord
 65439 | Pan      | Gained mutation: You are partially covered in slimy green scales (AC +2). [a cacodemon]
 65444 | Pan      | Gained mutation: You are very weak. (Str -4) [a cacodemon]
 65560 | Pan      | Found an exit through the horrors of the Abyss.
 66119 | Pan      | Received a gift from Okawaru
 66156 | Pan      | Noticed Plaby the pandemonium lord
 66196 | Pan      | Killed Plaby the pandemonium lord
 66519 | Pan      | Found an exit through the horrors of the Abyss.
 66569 | Pan      | Received a gift from Okawaru
 67264 | Pan      | Found a huge runed gate.
 67610 | Pan      | Found an exit through the horrors of the Abyss.
 67750 | Pan      | Gained mutation: Your body is slowly deteriorating. [a neqoxec]
 67812 | Pan      | Noticed Buimoc the pandemonium lord
 67829 | Pan      | Killed Buimoc the pandemonium lord
 67855 | Pan      | Got a demonic rune of Zot
 68297 | Pan      | Gained mutation: Scrolls take you a little longer to read. [a cacodemon]
 68586 | Pan      | Gained mutation: You are clumsy. (Dex -2) [a neqoxec]
 68648 | Pan      | Noticed Jisou the pandemonium lord
 68652 | Pan      | Found an ancient bone altar of Kikubaaqudgha.
 68927 | Pan      | Entered the realm of Cerebov.
 69213 | Pan      | Noticed Cerebov
 69546 | Pan      | Killed Cerebov
 69774 | Pan      | Received a gift from Okawaru
 70061 | Pan      | Found an exit through the horrors of the Abyss.
 70553 | Pan      | Got a fiery rune of Zot
 70790 | Pan      | Noticed Plog the pandemonium lord
 70793 | Pan      | Killed Plog the pandemonium lord
 70943 | Pan      | Found an exit through the horrors of the Abyss.
 71188 | Pan      | Gained mutation: Scrolls take you longer to read. [a neqoxec]
 71193 | Pan      | Noticed Miett the pandemonium lord
 71208 | Pan      | Killed Miett the pandemonium lord
 71416 | Pan      | Found an exit through the horrors of the Abyss.
 71494 | Pan      | Received a gift from Okawaru
 71724 | Pan      | Found an exit through the horrors of the Abyss.
 71741 | Pan      | Lost mutation: Potions and wands are less effective at restoring your health. [a neqoxec]
 71779 | Pan      | Noticed Clinak the pandemonium lord
 71882 | Pan      | Noticed Nuidapp the pandemonium lord
 71900 | Pan      | Killed Nuidapp the pandemonium lord
 71900 | Pan      | Received a gift from Okawaru
 71901 | Pan      | Got a shimmering shield {god gift}
 72233 | Pan      | Entered the realm of Mnoleg.
 72367 | Pan      | Found an exit through the horrors of the Abyss.
 72371 | Pan      | Gained mutation: You are very clumsy. (Dex -4) [a neqoxec]
 72373 | Pan      | Gained mutation: You occasionally shout uncontrollably at your foes. [a neqoxec]
 72403 | Pan      | Lost mutation: You occasionally shout uncontrollably at your foes. [a neqoxec]
 72661 | Pan      | Gained mutation: Scrolls take you much longer to read. [a cacodemon]
 72735 | Pan      | Noticed Mnoleg
 72737 | Pan      | Paralysed by a giant eyeball for 2 turns
 72748 | Pan      | Paralysed by a giant eyeball for 3 turns
 72757 | Pan      | Paralysed by a giant eyeball for 2 turns
 72870 | Pan      | Gained mutation: Armour fits poorly on your strangely shaped body. [a cacodemon]
 73322 | Pan      | Gained mutation: You occasionally shout uncontrollably at your foes. [a cacodemon]
 73387 | Pan      | Gained mutation: You are dopey. (Int -2) [a cacodemon]
 73514 | Pan      | Killed Mnoleg
 73536 | Pan      | Gained mutation: Your magical capacity is low (-10% MP). [a cacodemon]
 73665 | Pan      | Got a glowing rune of Zot
 73876 | Pan      | Lost mutation: Your magical capacity is low (-10% MP). [potion of cure mutation]
 73876 | Pan      | Lost mutation: Scrolls take you much longer to read. [potion of cure mutation]
 73876 | Pan      | Lost mutation: You are very clumsy. (Dex -4) [potion of cure mutation]
 73876 | Pan      | Lost mutation: Your body is slowly deteriorating. [potion of cure mutation]
 73877 | Pan      | Lost mutation: You are very weak. (Str -4) [potion of cure mutation]
 73877 | Pan      | Lost mutation: Scrolls take you longer to read. [potion of cure mutation]
 73877 | Pan      | Lost mutation: You are weak. (Str -2) [potion of cure mutation]
 73908 | Pan      | Found an exit through the horrors of the Abyss.
 73917 | Pan      | Noticed Hohoacve the pandemonium lord
 73965 | Pan      | Noticed Mennas
 74124 | Pan      | Noticed Engyjux the pandemonium lord
 74143 | Pan      | Killed Engyjux the pandemonium lord
 74143 | Pan      | Received a gift from Okawaru
 74580 | Pan      | Found an exit through the horrors of the Abyss.
 74618 | Pan      | Gained mutation: You sometimes yell uncontrollably at your foes. [a neqoxec]
 74663 | Pan      | Reached skill level 27 in Fighting
 74820 | Pan      | Noticed Zolof the pandemonium lord
 74821 | Pan      | Gained mutation: Your body is slowly deteriorating. [a cacodemon]
 74886 | Pan      | Gained mutation: Your magical capacity is low (-10% MP). [a cacodemon]
 74898 | Pan      | Gained mutation: You are very clumsy. (Dex -4) [a cacodemon]
 74992 | Pan      | Received a gift from Okawaru
 75172 | Pan      | Found an exit through the horrors of the Abyss.
 75251 | Pan      | Noticed Naleit the pandemonium lord
 75432 | Pan      | Killed Naleit the pandemonium lord
 75597 | Pan      | Received a gift from Okawaru
 75934 | Pan      | Found a gateway to a ziggurat.
 75969 | Pan      | Entered the realm of Gloorx Vloq.
 76198 | Pan      | Found an exit through the horrors of the Abyss.
 76550 | Pan      | Received a gift from Okawaru
 76775 | Pan      | Noticed Gloorx Vloq
 76925 | Pan      | Killed Gloorx Vloq
 77037 | Pan      | Got a dark rune of Zot
 77281 | Pan      | Found an exit through the horrors of the Abyss.
 77307 | Pan      | Gained mutation: You frequently scream uncontrollably at your foes. [a neqoxec]
 77446 | Pan      | Gained mutation: Your body is deteriorating. [a neqoxec]
 77758 | Pan      | Received a gift from Okawaru
 77876 | Pan      | Found an exit through the horrors of the Abyss.
 77905 | Pan      | Noticed Kifrait the pandemonium lord
 77910 | Pan      | Killed Kifrait the pandemonium lord
 78616 | Pan      | Received a gift from Okawaru
 78909 | Pan      | Noticed Qozxaecu the pandemonium lord
 78926 | Pan      | Killed Qozxaecu the pandemonium lord
 79039 | Pan      | Noticed Acwotoak the pandemonium lord
 79065 | Pan      | Killed Acwotoak the pandemonium lord
 79277 | Pan      | Received a gift from Okawaru
 79548 | Pan      | Found an exit through the horrors of the Abyss.
 80049 | Pan      | Noticed Clyass the pandemonium lord
 80059 | Pan      | Killed Clyass the pandemonium lord
 80063 | Pan      | Received a gift from Okawaru
 80257 | Pan      | Gained mutation: Your magical capacity is very low (-20% MP). [a neqoxec]
 80258 | Pan      | Gained mutation: You tend to lose your temper in combat. [a neqoxec]
 80260 | Pan      | Gained mutation: You expend magic power (3 MP) to slightly strengthen your wands. [a neqoxec]
 80413 | Pan      | Found an exit through the horrors of the Abyss.
 80445 | Pan      | Received a gift from Okawaru
 80798 | Pan      | Gained mutation: Your magical capacity is extremely low (-30% MP). [a neqoxec]
 80817 | Depths:1 | Escaped Pandemonium
 81186 | Orc:4    | Bought a potion of agility for 52 gold pieces
 81186 | Orc:4    | Bought a potion of heal wounds for 65 gold pieces
 81186 | Orc:4    | Bought a potion of heal wounds for 65 gold pieces
 81186 | Orc:4    | Bought 2 potions of cure mutation for 910 gold pieces
 82048 | Temple   | Fell from the grace of Okawaru
 82048 | Temple   | Became a worshipper of Zin the Law-Giver
 82048 | Temple   | Acquired Zin's first power
 82048 | Temple   | Acquired Zin's second power
 82447 | Slime:1  | Entered Level 1 of the Pits of Slime
 82881 | Temple   | Donated 3059 gold pieces to Zin
 83063 | D:8      | Acquired Zin's third power
 84945 | Temple   | Donated 1530 gold pieces to Zin
 84985 | D:4      | Acquired Zin's fourth power
 85332 | Lair:6   | Reached skill level 27 in Armour
 85420 | Slime:4  | Noticed Dissolution
 85424 | Slime:4  | Paralysed by a giant eyeball for 4 turns
 85433 | Slime:4  | Killed Dissolution
 86198 | Slime:6  | Entered Level 6 of the Pits of Slime
 86210 | Slime:6  | Reached skill level 10 in Invocations
 86557 | Slime:6  | Found a viscous altar of Jiyva.
 86559 | Slime:6  | Noticed the royal jelly
 86571 | Slime:6  | Killed the royal jelly
 86675 | Slime:6  | Got a slimy rune of Zot
 86702 | Slime:6  | Got a wavering marble ring
 86762 | Slime:6  | Identified the cursed ring "Kuefrali" {rC+ MR+ Dex-5} (You found it on level 6 of the Pits of Slime)
 86957 | Slime:6  | Got a smoking cloak
 86968 | Slime:6  | Identified the +0 cloak of Divine Compulsion {rN+ Int+4} (You found it on level 6 of the Pits of Slime)
 87507 | Temple   | Donated 940 gold pieces to Zin
 87554 | D:4      | Received a gift from Zin
 87554 | D:4      | Lost mutation: You have large cloven feet. [Zin's power]
 87554 | D:4      | Lost mutation: You are partially covered in slimy green scales (AC +2). [Zin's power]
 87554 | D:4      | Lost mutation: You tend to lose your temper in combat. [Zin's power]
 87554 | D:4      | Lost mutation: Scrolls take you a little longer to read. [Zin's power]
 87554 | D:4      | Lost mutation: You are very clumsy. (Dex -4) [Zin's power]
 87554 | D:4      | Lost mutation: You are clumsy. (Dex -2) [Zin's power]
 87554 | D:4      | Lost mutation: Armour fits poorly on your strangely shaped body. [Zin's power]
 87554 | D:4      | Lost mutation: Your body is deteriorating. [Zin's power]
 87554 | D:4      | Lost mutation: Your body is slowly deteriorating. [Zin's power]
 87554 | D:4      | Lost mutation: You are dopey. (Int -2) [Zin's power]
 87554 | D:4      | Lost mutation: Your magical capacity is extremely low (-30% MP). [Zin's power]
 87554 | D:4      | Lost mutation: Your magical capacity is very low (-20% MP). [Zin's power]
 87554 | D:4      | Lost mutation: Your magical capacity is low (-10% MP). [Zin's power]
 87554 | D:4      | Lost mutation: You passively map a small area around you. [Zin's power]
 87554 | D:4      | Lost mutation: You frequently scream uncontrollably at your foes. [Zin's power]
 87554 | D:4      | Lost mutation: You sometimes yell uncontrollably at your foes. [Zin's power]
 87554 | D:4      | Lost mutation: You occasionally shout uncontrollably at your foes. [Zin's power]
 87554 | D:4      | Lost mutation: You have difficulty communicating with the divine. [Zin's power]
 87554 | D:4      | Lost mutation: You expend magic power (3 MP) to slightly strengthen your wands. [Zin's power]
 88026 | Hell     | Entered the Vestibule of Hell
 88026 | Hell     | Noticed Geryon
 88051 | Hell     | HP: 13/273 [hellion/burst of hellfire (14)]
 88051 | Hell     | Mangled by Geryon

Action                   |  1- 3 |  4- 6 |  7- 9 | 10-12 | 13-15 | 16-18 | 19-21 | 22-24 | 25-27 || total
-------------------------+-------+-------+-------+-------+-------+-------+-------+-------+-------++-------
Melee: Short sword       |       |       |    67 |       |       |       |       |       |       ||    67
       War axe           |       |       |    25 |   562 |    54 |       |       |       |       ||   641
       Unarmed           |       |       |       |    17 |       |       |       |       |       ||    17
       Battleaxe         |       |       |       |       |   928 |  1439 |   291 |       |       ||  2658
       Executioner's axe |       |       |       |       |       |       |       |       |  1560 ||  1560
 Fire: Hand crossbow     |   107 |   166 |   409 |    59 |     8 |       |       |       |       ||   749
       Arbalest          |       |       |       |       |    37 |   255 |       |       |       ||   292
       Triple crossbow   |       |       |       |       |       |     7 |   865 |  1241 |  3054 ||  5167
Invok: Heroism           |       |       |     3 |     9 |     9 |     2 |     4 |     1 |    10 ||    38
       Finesse           |       |       |       |       |       |     1 |     3 |     1 |    16 ||    21
       Vitalisation      |       |       |       |       |       |       |       |       |     2 ||     2
       Cure All Mutation |       |       |       |       |       |       |       |       |     1 ||     1
 Abil: Evoke Flight      |       |       |       |       |       |     1 |       |       |       ||     1
Evoke: Wand              |       |       |    13 |     6 |     5 |       |       |     1 |     8 ||    33
  Use: Scroll            |       |     6 |     4 |    10 |     9 |    10 |    17 |    11 |    57 ||   124
       Potion            |       |     1 |     5 |    17 |     4 |     5 |     1 |     2 |    23 ||    58
 Stab: Fleeing           |       |       |       |     1 |       |       |       |       |       ||     1
       Distracted        |       |       |       |       |     1 |       |       |       |       ||     1
       Petrifying        |       |       |       |       |       |       |       |       |     3 ||     3
       Petrified         |       |       |       |       |       |       |       |       |     2 ||     2
  Eat: Chunk             |       |     6 |    12 |    27 |    26 |    34 |    22 |     2 |     5 ||   134
       Pizza             |       |       |       |     1 |     1 |     4 |     1 |     6 |     3 ||    16
       Beef jerky        |       |       |       |     1 |       |     6 |     2 |       |     8 ||    17
       Fruit             |       |       |       |       |       |     2 |     5 |       |    11 ||    18
       Royal jelly       |       |       |       |       |       |       |       |     4 |     2 ||     6
       Bread ration      |       |       |       |       |       |       |       |     1 |    20 ||    21
       Meat ration       |       |       |       |       |       |       |       |     1 |       ||     1
